 Dungeon Crawl Stone Soup version 0.32-a0-18-g89e19f1974 (webtiles) character file.

Game seed: 5156562545922017226

1064 mopl the Apothecary (level 8, 0/57 HPs)
             Began as a Yellow Draconian Alchemist on Jan 16, 2024.
             Succumbed to a water moccasin's poison
             ... on level 5 of the Dungeon.
             The game lasted 00:08:17 (3975 turns).

mopl the Apothecary (Yellow Draconian Alchemist)    Turns: 3975, Time: 00:08:18

Health: 0/57       AC:  8    Str: 10 (11) XL:     8   Next: 6%
Magic:  0/14       EV: 12    Int: 17 (18) God:
Gold:   234        SH:  0    Dex: 10 (11) Spells: 6/15 levels left

rFire   . . .        w - +1 spear (venom)
rCold   . . .        (no shield)
rNeg    . . .        (body armour unavailable)
rPois   .            (helmet restricted)
rElec   .            (no cloak)
rCorr   +            h - +1 pair of gloves
SInv    .            (no boots)
Will    .....        (no amulet)
Stlth   ++           (no ring)
HPRegen 0.29/turn    (no ring)
MPRegen 0.14/turn

%: no passive effects
@: mighty, brilliant, lethally poisoned (0 -> -10), very slightly contaminated
A: spit acid, AC +6, unfitting armour, cold-blooded, acid resistance, horns 1,
noise suppression
a: Breathe Acid


You were on level 5 of the Dungeon.
You visited 1 branch of the dungeon, and saw 5 of its levels.

You collected 234 gold pieces.

Inventory:

Hand Weapons
 t - a +2 dagger of draining
 w - a +1 spear of venom (weapon)
Missiles
 n - 5 datura-tipped darts
 z - 6 poisoned darts
Armour
 h - a +1 pair of gloves (worn)
Talismans
 l - a blade talisman
Wands
 y - a wand of roots (12)
Scrolls
 b - 2 scrolls of fear {unknown}
 d - 4 scrolls of enchant weapon {unknown}
 e - 2 scrolls of poison {unknown}
 f - 2 scrolls of noise {unknown}
 i - 2 scrolls of identify {unknown}
 j - a scroll of enchant armour {unknown}
 q - a scroll of blinking {unknown}
 u - a scroll of acquirement {unknown}
 v - a scroll of vulnerability {unknown}
 x - 2 scrolls of torment {unknown}
Potions
 a - a potion of magic
 g - a potion of heal wounds
 k - a potion of curing {unknown}
 m - a potion of attraction {unknown}
 o - a potion of brilliance
 p - a potion of might
 r - 2 potions of mutation {!q}
 s - a potion of berserk rage {unknown}
 A - a potion of ambrosia {unknown}


   Skills:
 - Level 1.7 Dodging
 - Level 1.7 Stealth
 + Level 4.4 Spellcasting
 + Level 4.5 Conjurations
 + Level 3.0 Fire Magic
 * Level 6.8 Alchemy


You had 6 spell levels left.
You knew the following spells:

 Your Spells              Type           Power      Damage    Failure   Level
a - Sting                 Conj/Alch      100%       1d9       1%          1
d - Sticky Flame          Fire/Alch      30%        2d7       21%         4
o - Olgreb's Toxic Radia  Alch           40%        N/A       9%          4

Your spell library contained the following spells:

 Spells                   Type           Power      Damage    Failure   Level
 Mercury Vapours          Alch/Air       46%        N/A       5%          2
 Mephitic Cloud           Conj/Alch/Air  24%        N/A       10%         3
 Ensorcelled Hibernation  Hex/Ice        10%        N/A       22%         2
 Passwall                 Erth           5%         N/A       41%         3
 Swiftness                Air            5%         N/A       41%         3
 Malign Gateway           Summ/Tloc      2%         N/A       100%        7
 Summon Horrible Things   Summ           2%         N/A       100%        8


Dungeon Overview and Level Annotations

Branches:
Dungeon (5/15)
 Temple: D:4-7

Altars:
Makhleb
Qazlal
Ru
Xom
Yredelemnul


Innate Abilities, Weirdness & Mutations

You can spit globs of acid.
Your golden yellow scales are hard. (AC +6)
You cannot fit into any form of body armour.
You are cold-blooded and may be slowed by cold attacks.
You are resistant to acid. (rCorr)
You have a pair of small horns on your head.
You passively dampen the noise of your surroundings.


Message History

The water moccasin bites you.
Your magical contamination has completely faded away.
Unknown command.
You puncture the water moccasin!
The water moccasin is poisoned.
Your headbutt misses the water moccasin.
You tail-slap the water moccasin, but do no damage.
The water moccasin is moderately wounded.
The orc wizard looks even sicker.
You feel sick.
The water moccasin completely misses you.
You miss the water moccasin. You headbutt the water moccasin.
Your tail-slap misses the water moccasin.
The water moccasin is moderately wounded.
The orc wizard looks even sicker.
You feel sick.
The water moccasin bites you but does no damage.
The water moccasin completely misses you.
Casting: Olgreb's Toxic Radiance (dangerous; 9% risk of failure)
Confirm with . or Enter, or press ? or * to list all spells.
Aiming: Sticky Flame (quite dangerous; 19% risk of failure)
Press: ? - help, Shift-Dir - straight line, f/p - water moccasin
Aim: a water moccasin (heavily wounded, very poisoned)
You feel a surge of power!
You miscast Sticky Flame.
You are very lightly contaminated with residual magic.
Nothing appears to happen.
Your toxic aura wanes.
You feel sick. The water moccasin bites you.
* * * LOW HITPOINT WARNING * * *
You are lethally poisoned!
The water moccasin poisons you!
Unknown command.
It was a potion of might.
You feel very mighty all of a sudden.
* * * LOW HITPOINT WARNING * * *
You feel very sick.
You feel a bit more experienced. The water moccasin bites you!
* * * LOW HITPOINT WARNING * * *
Your Fire Magic skill increases to level 3!
It was a potion of degeneration.
There was something very wrong with that liquid.
You feel weakened.
You feel dopey.
You feel clumsy.
You die...

##......#...#....####.##....
#.....#....[..........##....
#.........#..##..###......<.
#>............#=)[.<........
#####.##..............###...
#....#...÷.##.(.†>......
####..................##
####.##............##
#@##.)..#...#...##
#S##.#......#.####
#####o............##..
############..........#.#.......#
..[.)........#......###.#......##
###))).######..#....# #........ .
.).......o..o.##.....# ........##
###.....########..##...#[..... #
#....[..#######..####.. ... .


You could see a water moccasin (very poisoned) and an orc wizard (very
poisoned).

Vanquished Creatures
  Sigmund (D:2)
  2 water moccasins
  A black bear (D:5)
  A centaur (D:5)
  A bombardier beetle (D:3)
  6 orc priests
  Terence (D:2)
  4 orc wizards (D:5)
  4 adders
  3 gnolls (D:4)
  8 ribbon worms
  A dart slug (D:2)
  17 orcs
  6 endoplasms
  10 goblins
  8 hobgoblins
  4 jackals
  3 quokkas
  5 ball pythons
  7 bats
  5 frilled lizards
  9 kobolds
  3 rats
110 creatures vanquished.

Notes
Turn   | Place    | Note
-------+----------+-------------------------------------------
     0 | D:1      | mopl the Draconian Alchemist began the quest for the Orb.
     0 | D:1      | Reached XP level 1. HP: 14/14 MP: 3/3
   157 | D:1      | Reached XP level 2. HP: 17/20 MP: 0/5
   346 | D:1      | HP: 1/20 [ball python (1)]
   479 | D:1      | Found a faded altar of an unknown god.
   960 | D:2      | Reached XP level 3. HP: 26/26 MP: 3/6
   999 | D:2      | Noticed Sigmund
  1040 | D:2      | Killed Sigmund
  1041 | D:2      | Reached skill level 3 in Spellcasting
  1041 | D:2      | Reached skill level 2 in Conjurations
  1041 | D:2      | Reached skill level 4 in Alchemy
  1041 | D:2      | Reached XP level 4. HP: 33/33 MP: 1/8
  1041 | D:2      | Reached XP level 5. HP: 38/38 MP: 1/9
  1046 | D:2      | Learned a level 4 spell: Olgreb's Toxic Radiance
  1279 | D:2      | Noticed Terence
  1287 | D:2      | Killed Terence
  1288 | D:2      | Reached skill level 3 in Conjurations
  1731 | D:3      | Learned a level 4 spell: Sticky Flame
  1742 | D:3      | Reached skill level 5 in Alchemy
  1743 | D:3      | Reached XP level 6. HP: 45/45 MP: 3/11
  1988 | D:3      | Found a stormy altar of Qazlal.
  2197 | D:3      | Reached skill level 1 in Fire Magic
  3023 | D:4      | Found a basalt altar of Yredelemnul.
  3026 | D:4      | Found a sacrificial altar of Ru.
  3030 | D:4      | Found a burning altar of Makhleb.
  3070 | D:4      | Found a shimmering altar of Xom.
  3404 | D:5      | Entered Level 5 of the Dungeon
  3408 | D:5      | Noticed a water moccasin
  3414 | D:5      | Killed a water moccasin
  3415 | D:5      | Your scales start taking on a golden yellow colour.
  3415 | D:5      | Reached XP level 7. HP: 42/50 MP: 7/12
  3415 | D:5      | Gained mutation: You are resistant to acid. (rCorr) [Yellow
                  | Draconian growth]
  3477 | D:4      | Reached skill level 2 in Fire Magic
  3510 | D:4      | Reached skill level 4 in Spellcasting
  3536 | D:4      | Reached skill level 4 in Conjurations
  3536 | D:4      | Reached skill level 6 in Alchemy
  3917 | D:5      | Reached XP level 8. HP: 26/57 MP: 3/14
  3926 | D:5      | Identified the +3 ring mail of Sin {rElec Stlth+}
  3967 | D:5      | Gained mutation: You have hidden genetic defects. [potion
                  | of mutation]
  3967 | D:5      | Lost mutation: You have hidden genetic defects. [potion of
                  | mutation]
  3967 | D:5      | Gained mutation: You have a pair of small horns on your
                  | head. [potion of mutation]
  3967 | D:5      | Gained mutation: You passively dampen the noise of your
                  | surroundings. [potion of mutation]
  3974 | D:5      | HP: 1/57 [water moccasin (8)]
  3975 | D:5      | Reached skill level 3 in Fire Magic
  3975 | D:5      | Succumbed to a water moccasin's poison

Illustrated notes

Levels and vault maps discovered:
D:1:      dpeg_arrival_arbitrary_b, layout_basic,
          chequers_ecumenical_altar_grove, minmay_lizard_pond
D:2:      layout_basic, uniq_sigmund, uniq_terence
D:3:      layout_rooms, mainiacjoe_overflow_alcove_1, serial_aquarium,
          aquarium_bridge_square [aquarium_subvault_bridge,
          aquarium_subvault_window, aquarium_subvault_wall,
          aquarium_subvault_wall], aquarium_bridge_square
          [aquarium_subvault_bridge, aquarium_subvault_wall,
          aquarium_subvault_bridge, aquarium_subvault_bridge],
          aquarium_window_3, aquarium_window_2, aquarium_window_corner,
          aquarium_view_2g, aquarium_balcony_3a, columned_hall_lemuel,
          nicolae_wormholes
D:4:      layout_gridville, grunt_temple_overflow_diamond, kennysheep_little_box
D:5:      layout_rooms, minmay_misc_feat_alley, hangedman_decor_growths

Skill      XL: |  1  2  3  4  5  6  7  8 |
---------------+-------------------------+-----
Spellcasting   | 3 4 |  4.4
Conjurations   | 2 3 4 |  4.5
Alchemy        | 4 5 6 |  6.8
Fire Magic     | 1 2 3 |  3.0
Dodging        | |  1.7
Stealth        | |  1.7

Action                     |  1- 3 |  4- 6 |  7- 9 || total
---------------------------+-------+-------+-------++-------
  Melee: Unarmed           |    28 |    27 |       ||    55
         Tailslap          |     2 |     6 |     8 ||    16
         Dagger            |       |     7 |       ||     7
         Spear             |       |     6 |    40 ||    46
         Punch             |       |       |     1 ||     1
         Headbutt          |       |       |     1 ||     1
   Cast: Sting             |    51 |    95 |    15 ||   161
         Olgreb's Toxic Ra |       |     5 |     6 ||    11
         Sticky Flame      |       |     1 |     2 ||     3
    Use: Potion            |       |       |     5 ||     5
 Armour: Skin              |    25 |    25 |    61 ||   111
  Dodge: Dodged            |    45 |    43 |    58 ||   146

Table legend: (Time is in decaauts)
 A = Elapsed time spent in this place.
 B = Non-inter-level travel time spent in this place.
 C = Inter-level travel time spent in this place.
 D = Time resting spent in this place.
 E = Time spent auto-exploring this place.
 F = Levels seen in this place.
 G = Mean time per level.
                   A        B        C        D        E       F      G
               +--------+--------+--------+--------+--------+-----+--------+
         Total |   3988 |   3850 |    138 |    463 |   2530 |   5 |  797.6 |
       Dungeon |   3988 |   3850 |    138 |    463 |   2530 |   5 |  797.6 |
               +--------+--------+--------+--------+--------+-----+--------+

Top non-repeatable levels by time:
     D:4: 1010 daAuts
     D:1: 952 daAuts
     D:2: 807 daAuts
     D:3: 797 daAuts
     D:5: 419 daAuts
